 Dungeon Crawl Stone Soup version 0.17.1-2-g5865329 (webtiles) character file.

1013 ololoev the Chopper (level 8, -1/52 HPs)
             Began as a Demonspawn Fighter on Feb 11, 2016.
             Slain by a wyvern (9 damage)
             ... on level 6 of the Dungeon.
             The game lasted 00:14:21 (2107 turns).

ololoev the Chopper (Demonspawn Fighter)            Turns: 2107, Time: 00:14:21

Health: -1/52      AC: 14    Str: 19    XL:     8   Next: 1%
Magic:  8/8        EV:  7    Int: 10    God:
Gold:   130        SH:  0    Dex: 15    Spells: 0 memorised, 7 levels left

rFire  + . .     SeeInvis +     a - +0 war axe
rCold  . . .     Clarity  .     i - +0 chain mail
rNeg   . . .     SustAt   .     (no shield)
rPois  .         Gourm    .     (helmet restricted)
rElec  .         Spirit   .     (no cloak)
rCorr  .         Warding  .     t - +2 pair of gloves {Dex+3}
rMut   .         Stasis   .     (no boots)
MR     .....                    (no amulet)
Stlth  ..........               r - ring of see invisible
                                w - ring of protection from fire

@: confused, not resistant to hostile enchantments, extremely unstealthy
A: antennae 1, beak, hooves 1, icy blue scales 1, frail 1, spiny 1, no device
heal 1, subdued magic 1
a: no special abilities


Innate Abilities, Weirdness & Mutations

You have a pair of small antennae on your head.
You are partially covered in icy blue scales (AC +1).
You are partially covered in sharp spines.
You have a beak for a mouth.
You have large cloven feet.
You are frail (-10% HP).
Potions and wands are less effective at restoring your health.
Your spells are a little easier to cast, but a little less powerful.

Inventory:

Hand Weapons
 a - a +0 war axe (weapon)
 b - a +2 blowgun
Missiles
 o - 6 curare-tipped needles
 p - 17 poisoned needles
Armour
 i - a +0 chain mail (worn)
 t - a +2 pair of gloves of dexterity (worn)
Jewellery
 r - a ring of see invisible (right hand)
 w - a ring of protection from fire (left hand)
Wands
 y - a wand of cold (9)
Scrolls
 c - a scroll of enchant armour {unknown}
 u - a scroll of fog
 z - a scroll of teleportation
 B - a scroll of recharging
Potions
 f - a potion of cure mutation {unknown}
 j - a potion of flight {unknown}
 n - a potion of heal wounds
 q - 4 potions of curing
 s - a potion of cancellation
 x - a potion of brilliance {unknown}
Comestibles
 d - a meat ration
 e - 3 bread rations
 h - 4 chunks of flesh
 k - a royal jelly


   Skills:
 - Level 3.0 Fighting
 * Level 7.0 Axes
 + Level 1.7 Throwing
 + Level 5.2 Armour
   Level 2.6 Shields


You had 7 spell levels left.
You didn't know any spells.


You were on level 6 of the Dungeon.
You were not hungry.

You visited 1 branch of the dungeon, and saw 7 of its levels.
You also visited: Ossuary.

You collected 431 gold pieces.
You spent 301 gold pieces at shops.

##...## ## #...## ##.
##..## ##.. ##..## ##...
##..## ##...# ##...#
##...## ###...## ##....#
##.....# ##....##
###...@.## ###.....# #
#..T..l.# #.......###
...(......# ............
.........................
#########################

Notes
Turn   | Place    | Note
--------------------------------------------------------------
     0 | D:1      | ololoev the Demonspawn Fighter began the quest for the Orb.
     0 | D:1      | Reached XP level 1. HP: 18/18 MP: 1/1
    72 | D:1      | Gained mutation: You are partially covered in sharp spines. [demonic ancestry]
    72 | D:1      | Reached XP level 2. HP: 9/24 MP: 2/2
   339 | D:2      | Reached XP level 3. HP: 24/29 MP: 3/3
   517 | D:3      | Gained mutation: Potions and wands are less effective at restoring your health. [potion of mutation]
   517 | D:3      | Gained mutation: You have a beak for a mouth. [potion of mutation]
   517 | D:3      | Gained mutation: You have large cloven feet. [potion of mutation]
   527 | D:3      | Found an opulent altar of Gozag.
   651 | D:4      | Noticed an ogre
   670 | D:4      | Killed an ogre
   670 | D:4      | Gained mutation: You have a pair of small antennae on your head. [demonic ancestry]
   670 | D:4      | Reached XP level 4. HP: 35/35 MP: 4/4
   757 | D:4      | Reached skill level 4 in Axes
   757 | D:4      | Reached XP level 5. HP: 37/41 MP: 5/5
   766 | D:4      | Found a sand-covered staircase.
   773 | Ossuary  | Entered an ossuary
   829 | Ossuary  | Reached XP level 6. HP: 16/47 MP: 6/6
  1093 | D:4      | Found a glowing silver altar of Zin.
  1155 | D:4      | Reached skill level 5 in Axes
  1276 | D:5      | Entered Level 5 of the Dungeon
  1316 | D:4      | Found Meohetil's Armour Boutique.
  1320 | D:4      | Bought a +2 pair of gloves of dexterity for 301 gold pieces
  1423 | D:5      | Noticed Dowan
  1424 | D:5      | Noticed Duvessa
  1442 | D:5      | Killed Duvessa
  1444 | D:5      | Killed Dowan
  1455 | D:5      | Found a deep blue altar of Sif Muna.
  1585 | D:5      | Reached skill level 6 in Axes
  1585 | D:5      | Reached XP level 7. HP: 34/52 MP: 7/7
  1589 | D:5      | Gained mutation: Your spells are a little easier to cast, but a little less powerful. [mutagenic meat]
  1590 | D:5      | Gained mutation: You are frail (-10% HP). [mutagenic meat]
  1616 | D:5      | Found Wait Nybb's Antique Armour Boutique.
  1844 | D:6      | Reached skill level 5 in Armour
  1857 | D:6      | Reached skill level 1 in Throwing
  1865 | D:6      | Found a shadowy altar of Dithmenos.
  2021 | D:6      | HP: 1/46 [giant gecko (3)]
  2024 | D:6      | Reached skill level 7 in Axes
  2024 | D:6      | Gained mutation: You are partially covered in icy blue scales (AC +1). [demonic ancestry]
  2024 | D:6      | Reached XP level 8. HP: 1/52 MP: 8/8
  2104 | D:6      | Noticed a troll
  2105 | D:6      | Noticed a wyvern
  2107 | D:6      | Slain by a wyvern

Dungeon Overview and Level Annotations

Branches:
Dungeon (7/15)
 Temple: D:4-7

Altars:
Dithmenos
Gozag
Sif Muna
Zin

Shops:
D:4 [   D:5 [


Message History

Read which item? (? for menu, Esc to quit)
As you read the scroll labeled SAMPE LINK, it crumbles to dust.
You feel as if something is helping you.
It was a scroll of remove curse.
Drop what? 27/52 slots (_ for help) (? for menu, Esc to quit)
You start removing your armour.
You continue taking off your +0 scale mail. x4
You finish taking off your +0 scale mail.
You drop a +0 scale mail.
You remove your -3 ring of slaying.
You drop a -3 ring of slaying.
You remove your amulet of inaccuracy.
You drop an uncursed amulet of inaccuracy.
Wear which item? (? for menu, Esc to quit)
You start putting on your armour.
You continue putting on your +0 chain mail. x4
You finish putting on your +0 chain mail.
Drop what? 24/52 slots (_ for help) (? for menu, Esc to quit)
You start removing your armour.
You continue taking off your +0 shield.
You continue taking off your +0 shield. x3
You finish taking off your +0 shield.
You drop a +0 shield.
Put on which piece of jewellery? (? for menu, Esc to quit)
w - a ring of protection from fire (left hand) Unknown command.
Put on which piece of jewellery? (? for menu, Esc to quit)
Okay, then.
Found 19 stones.
Found a scroll labeled GIUHOLLOEP.
Found 19 arrows.
c - a scroll labeled GIUHOLLOEP Unknown command.
A troll comes into view.
The troll shouts!
A wyvern comes into view.
Drink which item? (? for menu, Esc to quit)
You are confused.
You feel invigorated. The wyvern bites you!
The wyvern is struck by your spines. The wyvern bites you!
You die...

You could see a troll and a wyvern.

Vanquished Creatures
  Duvessa (D:5)
  A sky beast (D:5)
  3 ogres
  Dowan (D:5)
  4 wights (D:6)
  A crimson imp (D:6)
  A hound (D:4)
  A worker ant (D:4)
  9 mummies
  4 adders
  3 gnolls (D:5)
  2 shadow imps (D:5)
  An adder skeleton (D:5)
  3 worms
  5 giant geckos
  8 orcs
  3 giant cockroaches
  2 goblins
  7 hobgoblins
  A quokka (D:3)
  A ball python (D:2)
  2 bats
  A giant gecko zombie (D:5)
  A giant newt (D:3)
  3 gnoll zombies (Ossuary)
  A hobgoblin zombie (Ossuary)
  6 kobolds
  2 kobold zombies (Ossuary)
  2 orc zombies (Ossuary)
  5 rats
85 creatures vanquished.

Action                   |  1- 3 |  4- 6 |  7- 9 || total
-------------------------+-------+-------+-------++-------
Melee: War axe           |    49 |   115 |    51 ||   215
 Fire: Blowgun           |     5 |       |     4 ||     9
  Use: Potion            |     4 |     6 |     2 ||    12
       Scroll            |     3 |     7 |     2 ||    12
  Eat: Chunk             |       |     3 |     4 ||     7

Vault maps used:
D:1:      co_arrival_square_in_a_square_in_a_square
D:2:      forest_paths, marbit_many_paths
D:3:      old_standard_altar, nicolae_overflow_hidden_temple, first_bread,
          ecumenical_altar_1, uniq_natasha, uniq_robin
D:4:      zin_treasury, gup_sewer_entry_bubbles, gup_ossuary_entry_pyramid,
          serial_shops, shop_fountains
D:5:      serial_shops, shop, lemuel_statue_altar, uniq_duvessa
D:6:      minmay_thick_lines, lemuel_coloured_pillars_altar, lemuel_round_altar,
          lemuel_crystal_altar, minmay_temple_entry_overgrown, basic_altar
D:7:      lemuel_blue_sif_altar, gammafunk_temple_overflow_elements
Ossuary:  ossuary_tomb_3
